 Dungeon Crawl Stone Soup version 0.27-a0-445-gbe96e517c0 (webtiles) character file.

Game seed: 15402391544178084412

15 Chiseanne the Skirmisher (level 2, -3/24 HPs)
             Began as a Demonspawn Wanderer on Feb 27, 2021.
             Slain by a hobgoblin
             ... wielding a +0 club
              (5 damage)
             ... on level 1 of the Dungeon.
             The game lasted 00:01:02 (624 turns).

Chiseanne the Skirmisher (Demonspawn Wanderer)       Turns: 624, Time: 00:01:03

Health: -3/24      AC:  2    Str: 14    XL:     2   Next: 34%
Magic:  2/2        EV: 11    Int: 13    God:
Gold:   39         SH:  0    Dex: 10    Spells: 1/1 levels left

rFire    . . .     SeeInvis .   a - +2 short sword
rCold    . . .     Faith    .   (no shield)
rNeg     . . .     Spirit   .   c - +0 robe
rPois    .         Reflect  .   (no helmet)
rElec    .         Harm     .   (no cloak)
rCorr    .         Rampage  .   (no gloves)
Will     .....                  (no boots)
Stlth    +.........             (no amulet)
HPRegen  0.08/turn              (no ring)
MPRegen  0.08/turn              (no ring)

@: no status effects
A: foul stench 1
a: no special abilities


You were on level 1 of the Dungeon.
You visited 1 branch of the dungeon, and saw 1 of its levels.

You collected 39 gold pieces.

Inventory:

Hand Weapons
 a - a +2 short sword (weapon)
Missiles
 d - 5 boomerangs (quivered)
 e - 22 stones
 f - 10 bolts
Armour
 c - a +0 robe (worn)
Scrolls
 b - 2 scrolls of teleportation


   Skills:
 * Level 3.4 Fighting
 - Level 1.7 Short Blades
 - Level 1.0 Bows
 - Level 1.0 Throwing
 - Level 1.7 Armour
 * Level 1.2 Dodging
 - Level 1.0 Evocations


You had one spell level left.
You didn't know any spells.
Your spell library was empty.

Dungeon Overview and Level Annotations

Branches:
Dungeon (1/15)

Altars:


Innate Abilities, Weirdness & Mutations

You may rarely emit foul miasma when damaged in melee.


Message History

* * * LOW HITPOINT WARNING * * *
You barely miss the hobgoblin.
The hobgoblin is severely wounded.
The hobgoblin barely misses you.
You hit the hobgoblin.
The hobgoblin is almost dead.
The hobgoblin closely misses you.
You barely miss the hobgoblin.
The hobgoblin is almost dead.
The hobgoblin hits you.
* * * LOW HITPOINT WARNING * * *
You hit the hobgoblin.
You kill the hobgoblin!
The hobgoblin hits you with a +0 club.
* * * LOW HITPOINT WARNING * * *
You aren't carrying any potions.
Unknown command.
You see here a giant cockroach corpse.
You hit the hobgoblin.
The hobgoblin is lightly wounded.
The hobgoblin hits you with a +0 club.
* * * LOW HITPOINT WARNING * * *
You emit a cloud of foul miasma!
You closely miss the hobgoblin.
The hobgoblin is lightly wounded.
The hobgoblin is engulfed in dark miasma.
The hobgoblin is poisoned.
You kill the hobgoblin!
The kobold throws a stone.
The stone barely misses you.
A goblin and a hobgoblin come into view.
The hobgoblin shouts!
The goblin unwields a +0 dagger.
The goblin drops a +0 dagger.
The goblin picks up a spear.
The goblin wields a spear.
Found a +0 dagger.
The hobgoblin hits you with a +0 club.
* * * LOW HITPOINT WARNING * * *
You hit the hobgoblin.
The hobgoblin is almost dead.
The hobgoblin hits you with a +0 club.
You die...

.#.#####.#
#.# .#.#
#K# .#.#
#.# .#.#
#.# ....
#.# #.#
#.#
########.#
...)g.g@.#
##########


You could see a hobgoblin, a goblin and a kobold.

Vanquished Creatures
  A leopard gecko (D:1)
  2 giant cockroaches (D:1)
  A goblin (D:1)
  3 hobgoblins (D:1)
  A bat (D:1)
  2 frilled lizards (D:1)
  A kobold (D:1)
  3 rats (D:1)
14 creatures vanquished.

Notes
Turn   | Place    | Note
-------+----------+-------------------------------------------
     0 | D:1      | Chiseanne the Demonspawn Wanderer began the quest for the
                  | Orb.
     0 | D:1      | Chiseanne set off with the following items: a +2 short
                  | sword, 2 scrolls of teleportation, a +0 robe
     0 | D:1      | Reached XP level 1. HP: 18/18 MP: 1/1
   234 | D:1      | Gained mutation: You may rarely emit foul miasma when
                  | damaged in melee. [demonic ancestry]
   234 | D:1      | Reached XP level 2. HP: 24/24 MP: 2/2
   258 | D:1      | Reached skill level 1 in Dodging
   624 | D:1      | Slain by a hobgoblin

Illustrated notes

Levels and vault maps discovered:
D:1:      wander_arrival_peaceful_grave, layout_basic

Skill      XL: |  1  2 |
---------------+-------+-----
Dodging        | 1 |  1.2
Fighting       | |  3.4
Short Blades   | |  1.7
Bows           | |  1.0
Throwing       | |  1.0
Armour         | |  1.7
Evocations     | |  1.0

Action                   || total
-------------------------++-------
Melee: Short sword       ||    49
Armor: Robe              ||     1
Dodge: Dodged            ||    22

Table legend: (Time is in decaauts)
 A = Elapsed time spent in this place.
 B = Non-inter-level travel time spent in this place.
 C = Inter-level travel time spent in this place.
 D = Time resting spent in this place.
 E = Time spent auto-exploring this place.
 F = Levels seen in this place.
 G = Mean time per level.
                   A        B        C        D        E       F      G
               +--------+--------+--------+--------+--------+-----+--------+
         Total |    624 |    624 |      0 |    160 |    290 |   1 |  624.0 |
       Dungeon |    624 |    624 |      0 |    160 |    290 |   1 |  624.0 |
               +--------+--------+--------+--------+--------+-----+--------+

Top non-repeatable levels by time:
     D:1: 624 daAuts
